 Dungeon Crawl Stone Soup version 0.16.1-51-g6203257 (webtiles) character file.

201 garuda the Insei (level 5, -8/42 HPs)
             Began as a Draconian Transmuter on Aug 1, 2015.
             Mangled by an orc
             ... wielding a +0 flail
              (10 damage)
             ... on level 3 of the Dungeon.
             The game lasted 00:11:40 (2965 turns).

garuda the Insei (Draconian Transmuter)             Turns: 2965, Time: 00:11:41

Health: -8/42      AC:  7    Str: 12    XL:     5   Next: 50%
Magic:  6/11       EV: 13    Int: 14    God:
Gold:   91         SH:  0    Dex: 12    Spells: 2 memorised, 7 levels left

rFire  . . .     SeeInvis .       - Unarmed
rCold  . . .     Clarity  .     (armour unavailable)
rNeg   . . .     SustAb   .     (no shield)
rPois  .         Gourm    .     (helmet restricted)
rElec  .         Spirit   .     (no cloak)
rCorr  .         Warding  .     e - +0 pair of gloves (curse)
rMut   .         Stasis   .     p - +0 pair of boots
MR     .....                    (no amulet)
Stlth  +.........               (no ring)
                                (no ring)

@: not resistant to hostile enchantments, very unstealthy
A: unfitting armour, cold-blooded, AC +5
a: no special abilities


You were on level 3 of the Dungeon.
You were hungry.

You visited 1 branch of the dungeon, and saw 3 of its levels.

You collected 91 gold pieces.

Inventory:

Missiles
 b - 44 arrows
 v - a tomahawk (quivered)
 w - 3 tomahawks of returning
Armour
 c - a +2 pair of gloves
 e - a cursed +0 pair of gloves (worn)
 p - a +0 pair of boots (worn)
Scrolls
 f - 2 scrolls of blinking {unknown}
 i - 4 scrolls of remove curse {unknown}
 k - a scroll of identify {unknown}
 n - a scroll of recharging {unknown}
 q - a scroll of teleportation {unknown}
 u - a scroll of fog {unknown}
Potions
 h - a potion of haste {unknown}
 l - a potion of heal wounds {unknown}
 m - a potion of restore abilities {unknown}
 r - a potion of cure mutation {unknown}
 s - a potion of brilliance {unknown}
 t - a potion of agility {unknown}
Books
 d - a book of Changes

   Spells                             Type                      Level
   a - Beastly Appendage              Transmutation                1
   b - Sticks to Snakes               Transmutation                2
   c - Spider Form                    Transmutation/Poison         3
   d - Ice Form                       Ice/Transmutation            4
   e - Blade Hands                    Transmutation                5
Comestibles
 a - a bread ration
 g - 3 meat rations
 o - a slice of pizza


   Skills:
 + Level 2.3 Fighting
 + Level 1.0 Throwing
 + Level 2.9 Dodging
 + Level 3.7 Unarmed Combat
 + Level 3.0 Spellcasting
 + Level 2.9 Transmutations


You had 7 spell levels left.
You knew the following spells:

 Your Spells              Type           Power        Failure   Level  Hunger
a - Beastly Appendage     Trmt           ##....       10%         1    #......
b - Sticks to Snakes      Trmt           ##........   12%         2    ##.....


Dungeon Overview and Level Annotations

Branches:
Dungeon (3/15)

Altars:
Beogh


Innate Abilities, Weirdness & Mutations

Your plain brown scales are hard (AC +5).
Your body does not fit into most forms of armour.
Your cold-blooded metabolism reacts poorly to cold.


Message History

Your ball python bites the orc but does no damage.
Your ball python constricts the orc.
The orc completely misses you.
You hit the orc but do no damage.
The orc is heavily wounded.
Your ball python bites the orc but does no damage.
Your ball python constricts the orc.
The orc hits your ball python with a flail!
Your ball python dies!
You hit the orc.
The orc is severely wounded.
You barely miss the orc.
The orc is severely wounded.
The orc closely misses you.
You hit the orc but do no damage.
The orc is severely wounded.
The orc barely misses you.
You hit the orc but do no damage.
Your tail-slap misses the orc.
The orc is severely wounded.
The orc hits you with a flail!
You die...

##....).........#.#.#..
...)†<............#.###
....)†......>....##..
.................##..
.......#########.# .
...##### #.#
..[#######. #)#
..........( #o#
........... #@#
.......... #+#
...####### ...# ...#
.##### ....... (.....
.....).


You could see an orc.

Vanquished Creatures
  An orc priest (D:3)
  An orc wizard (D:3)
  3 adders (D:2)
  A giant mite (D:1)
  2 worms (D:2)
  A giant gecko (D:1)
  An ooze (D:2)
  9 orcs
  2 giant cockroaches (D:1)
  9 goblins
  4 hobgoblins
  2 jackals (D:3)
  A ball python (D:3)
  8 bats
  2 giant newts
  4 kobolds
  2 rats (D:1)
53 creatures vanquished.

Vanquished Creatures (collateral kills)
  An orc wizard (D:3)
  An adder (D:2)
  2 worms (D:2)
  A giant gecko (D:2)
  An orc (D:3)
  A hobgoblin (D:3)
7 creatures vanquished.

Grand Total: 60 creatures vanquished

Notes
Turn   | Place    | Note
--------------------------------------------------------------
     0 | D:1      | garuda, the Draconian Transmuter, began the quest for the Orb.
     0 | D:1      | Reached XP level 1. HP: 16/16 MP: 3/3
     6 | D:1      | Noticed a swamp drake
     6 | D:1      | Noticed a salamander
     6 | D:1      | Noticed a komodo dragon
     6 | D:1      | Noticed a killer bee
     6 | D:1      | Noticed a lindwurm
   264 | D:1      | Reached XP level 2. HP: 18/23 MP: 2/4
   314 | D:1      | Learned a level 2 spell: Sticks to Snakes
   722 | D:2      | Reached XP level 3. HP: 28/28 MP: 1/6
  1238 | D:2      | Reached XP level 4. HP: 29/36 MP: 6/8
  2426 | D:3      | Reached XP level 5. HP: 37/41 MP: 3/10
  2529 | D:3      | Found a roughly hewn altar of Beogh.
  2920 | D:3      | Reached skill level 1 in Throwing
  2922 | D:3      | HP: 1/42 [hobgoblin/club (7)]
  2959 | D:3      | HP: 1/42 [orc/flail (4)]
  2965 | D:3      | Mangled by an orc

Action                   |  1- 3 |  4- 6 || total
-------------------------+-------+-------++-------
Melee: Unarmed           |   112 |   110 ||   222
Throw: Tomahawk          |       |    24 ||    24
 Cast: Beastly Appendage |     9 |    12 ||    21
       Sticks to Snakes  |     7 |    12 ||    19
 Stab: Sleeping          |     1 |       ||     1
  Eat: Chunk             |     2 |     4 ||     6
       Beef jerky        |       |     1 ||     1
